 Dungeon Crawl Stone Soup version 0.27-a0-1228-gfd60fd639a (webtiles) character file.

Game seed: 18429874351851829142

231 Shayle the Skirmisher (level 6, -2/67 HPs)
             Began as an Ogre Warper on June 7, 2021.
             Slain by an ogre
             ... wielding a +0 giant club
              (18 damage)
             ... on level 4 of the Dungeon on June 8, 2021.
             The game lasted 00:08:42 (4590 turns).

Shayle the Skirmisher (Ogre Warper)                 Turns: 4590, Time: 00:08:43

Health: -2/67      AC:  3    Str: 16    XL:     6   Next: 3%
Magic:  9/9        EV: 10    Int: 16    God:
Gold:   197        SH:  0    Dex:  8    Spells: 9/9 levels left

rFire    . . .     SeeInvis .   c - +4 war axe
rCold    . . .     Faith    .   (no shield)
rNeg     . . .     Spirit   .   b - +0 robe
rPois    .         Reflect  .   (helmet restricted)
rElec    .         Harm     .   (no cloak)
rCorr    .         Rampage  .   (gloves unavailable)
Will     .....                  (boots unavailable)
Stlth    +.........             (no amulet)
HPRegen  0.21/turn              (no ring)
MPRegen  0.11/turn              (no ring)

@: no status effects
A: large, unfitting armour, tough skin 1
a: no special abilities


You were on level 4 of the Dungeon.
You visited 1 branch of the dungeon, and saw 4 of its levels.

You collected 197 gold pieces.

Inventory:

Hand Weapons
 a - a +0 spear
 c - a +4 war axe (weapon)
Armour
 b - a +0 robe (worn)
Jewellery
 h - a ring of protection from fire
 n - an amulet of magic regeneration
Scrolls
 g - a scroll of enchant weapon
 i - a scroll of immolation
 k - a scroll of noise
 l - 2 scrolls of identify


   Skills:
 + Level 6.0 Fighting
 - Level 2.0 Polearms
 - Level 1.0 Throwing
 + Level 4.2 Dodging
 - Level 2.4 Spellcasting
 - Level 2.6 Translocations


You had 9 spell levels left.
You didn't know any spells.
Your spell library contained the following spells:

 Spells                   Type           Power      Damage    Failure   Level
 Blink                    Tloc           N/A        N/A       10%         2
 Animate Skeleton         Necr           2%         N/A       21%         1
 Pain                     Necr           4%         1d4       21%         1
 Gell's Gravitas          Tloc           5%         N/A       21%         3
 Lesser Beckoning         Tloc           5%         N/A       21%         3
 Teleport Other           Tloc           10%        N/A       21%         3
 Vampiric Draining        Necr           0%         2d6       52%         3
 Manifold Assault         Tloc           10%        N/A       88%         5
 Animate Dead             Necr           0%         N/A       89%         4
 Agony                    Necr           1%         N/A       99%         5


Dungeon Overview and Level Annotations

Branches:
Dungeon (4/15)
 Temple: D:4-7

Altars:
Dithmenos
Qazlal
Uskayaw
Vehumet

Annotations:
D:4 Eustachio


Innate Abilities, Weirdness & Mutations

You are too large for most types of armour.
You have tough skin. (AC +1)


Message History

The goblin unwields a +4 hunting sling.
The goblin wields a +0 club.
The goblin hits you with a +0 club.
You closely miss the goblin. The goblin hits you but does no damage.
You barely miss the goblin. The goblin misses you.
The goblin closely misses you.
You slash the goblin!
You kill the goblin!
You hit the giant cockroach. The giant cockroach barely misses you.
The giant cockroach bites you.
Your Fighting skill increases to level 6!
The giant cockroach bites you.
Things that are here:
a +0 club; a +4 hunting sling; 14 stones You slash the giant cockroach!
You kill the giant cockroach!
You start resting.
A phantom comes into view.
There is an escape hatch in the ceiling here.
A mysterious force pulls you upwards. The hatch slams shut behind you.
You start resting.
HP restored.
(D) Dungeon
Where to? (Enter - D:4, ? - help)
Things that are here:
a +0 leather armour; a +0 short sword
There is a stone staircase leading down here.
You climb downwards.
Level annotation: Eustachio An ogre comes into view.
It is wielding a +0 giant club.
There is a stone staircase leading up here.
You barely miss the ogre.
The ogre hits you with a +0 giant club!!
You slash the ogre!
The ogre is moderately wounded.
The ogre hits you with a +0 giant club!!
* * * LOW HITPOINT WARNING * * *
You slash the ogre!
The ogre is severely wounded.
The ogre hits you with a +0 giant club!!
You die...

####.####
#?###
##...####
#.......#
#.##.##.#
#.# .# #
#.# .#
#.##.##.#
#@O.....#
#.......#
#.##.....
#.# .....
#.# ....
#.# ..#
#.. ..#
###


You could see an ogre.

Vanquished Creatures
  A centaur zombie (D:3)
  An orc priest (D:3)
  Terence (D:3)
  An orc wizard (D:3)
  A gnoll (D:2)
  3 adders
  An adder skeleton (D:4)
  4 worms (D:2)
  3 dart slugs
  4 orcs (D:3)
  6 bats
  A bat skeleton (D:2)
  6 endoplasms
  2 giant cockroaches
  3 goblins
  7 hobgoblins
  3 jackals (D:1)
  5 ball pythons
  2 frilled lizards (D:2)
  3 kobolds
  5 rats
63 creatures vanquished.

Vanquished Creatures (others)
  A fungus (D:1)
  3 plants (D:1)
4 creatures vanquished.

Grand Total: 67 creatures vanquished

Notes
Turn   | Place    | Note
-------+----------+-------------------------------------------
     0 | D:1      | Shayle the Ogre Warper began the quest for the Orb.
     0 | D:1      | Reached XP level 1. HP: 22/22 MP: 3/3
   162 | D:1      | Reached skill level 3 in Fighting
   257 | D:1      | Reached XP level 2. HP: 31/31 MP: 5/5
  1075 | D:1      | Reached XP level 3. HP: 39/39 MP: 6/6
  1268 | D:1      | Found a faded altar of an unknown god.
  1738 | D:2      | Reached skill level 4 in Fighting
  2189 | D:2      | Reached XP level 4. HP: 49/49 MP: 7/7
  2742 | D:3      | Noticed Terence
  2748 | D:3      | Killed Terence
  2749 | D:3      | Reached skill level 5 in Fighting
  2749 | D:3      | Reached XP level 5. HP: 29/57 MP: 8/8
  2895 | D:3      | Found a shadowy altar of Dithmenos.
  2905 | D:3      | Found a stormy altar of Qazlal.
  3182 | D:3      | Found a hide-covered altar of Uskayaw.
  3433 | D:3      | Found a radiant altar of Vehumet.
  3576 | D:3      | Reached XP level 6. HP: 65/67 MP: 9/9
  3671 | D:4      | Noticed Eustachio
  3899 | D:4      | HP: 3/67 [poisoned by Eustachio]
  4466 | D:4      | Reached skill level 6 in Fighting
  4590 | D:4      | Slain by an ogre

Illustrated notes

Levels and vault maps discovered:
D:1:      lightli_arrival_maybe_door_vault, layout_basic,
          shapermc_ecumenical_altar_hornbeckon, minmay_indecisive_spiral
D:2:      kennysheep_six_static_rooms, layout_loops_ring,
          wander_ebering_terrifying_dragon_lair
D:3:      layout_rooms, lemuel_doored_altar, nicolae_overflow_crystal_walls,
          lemuel_tele_altar, grunt_qazlal_clouds, serial_aquarium,
          aquarium_bridge_straight [aquarium_subvault_bridge,
          aquarium_subvault_wall, aquarium_subvault_bridge,
          aquarium_subvault_balcony], aquarium_bridge_long_separate
          [aquarium_subvault_bridge, aquarium_subvault_bridge,
          aquarium_subvault_window, aquarium_subvault_bridge,
          aquarium_subvault_wall, aquarium_subvault_bridge],
          aquarium_window_corridor_3, aquarium_window_fake, aquarium_view_2f,
          aquarium_view_2c, aquarium_balcony_5b, aquarium_pool_corner,
          uniq_terence
D:4:      layout_loops_cross, kennysheep_ying_yang,
          minmay_temple_entry_glassed_door, gup_sewer_entry_glass,
          uniq_eustachio

Skill      XL: |  1  2  3  4  5  6 |
---------------+-------------------+-----
Fighting       | 3 4 5 6 |  6.0
Dodging        | 3 4 |  4.2
Polearms       | |  2.0
Throwing       | |  1.0
Spellcasting   | |  2.4
Translocations | |  2.6

Action                   |  1- 3 |  4- 6 || total
-------------------------+-------+-------++-------
Melee: Spear             |   137 |       ||   137
       War axe           |     5 |    66 ||    71
Throw: Boomerang         |       |     5 ||     5
  Use: Scroll            |     4 |     3 ||     7
       Potion            |       |     3 ||     3
 Stab: Sleeping          |     3 |       ||     3
Armor: Robe              |    44 |    18 ||    62
Dodge: Dodged            |    89 |    40 ||   129

Table legend: (Time is in decaauts)
 A = Elapsed time spent in this place.
 B = Non-inter-level travel time spent in this place.
 C = Inter-level travel time spent in this place.
 D = Time resting spent in this place.
 E = Time spent auto-exploring this place.
 F = Levels seen in this place.
 G = Mean time per level.
                   A        B        C        D        E       F      G
               +--------+--------+--------+--------+--------+-----+--------+
         Total |   4626 |   4540 |     86 |   1224 |   2556 |   4 | 1156.5 |
       Dungeon |   4626 |   4540 |     86 |   1224 |   2556 |   4 | 1156.5 |
               +--------+--------+--------+--------+--------+-----+--------+

Top non-repeatable levels by time:
     D:3: 1818 daAuts
     D:1: 1412 daAuts
     D:2: 1278 daAuts
     D:4: 116 daAuts
